Description

souL goes for a CC first, later lands a CC at the third which he does not mine from. Cuts SCVs at 47 and rallys bio/tank across the map.

VOD

https://www.youtube.com/watch?time_continue=5&v=Kv6Av3hbx74

Replay - Denver v souL: Game 1 - Triton LE

Build Order

Get SALT Encoding   

  12  0:00  SCV  
  13  0:12  SCV  
  14  0:17  Supply Depot  
  14  0:24  SCV  
  15  0:38  SCV  
  16  0:50  SCV  
  17  0:58  Command Center  
  17  1:02  SCV  
  18  1:12  Barracks  
  18  1:15  SCV  
  19  1:20  Refinery  
  19  1:25  Refinery  
  19  1:29  SCV  
  20  1:41  SCV  
  21  1:59  Reaper, Orbital Command  
  22  2:10  Orbital Command  
  22  2:19  Factory  
  22  2:25  SCV  
  23  2:31  Barracks Reactor  
  27  2:51  Command Center  
  27  3:05  Starport  
  29  3:11  Hellion x2  
  33  3:13  Supply Depot  
  33  3:18  Barracks Tech Lab  
  37  3:34  Hellion x2  
  43  3:44  Barracks Tech Lab  
  43  3:48  Banshee  
  46  4:02  Factory Reactor, Barracks x2  
  46  4:05  Marine, Stimpack  
  46  4:06  Orbital Command  
  51  4:22  Marine  
  52  4:27  Supply Depot  
  54  4:32  Supply Depot  
  54  4:33  Barracks x2  
  55  4:39  Refinery x2  
  55  4:40  Starport Reactor, Marine  
  58  4:52  Engineering Bay x2  
  61  4:56  Siege Tank  
  65  5:02  Marine x5, Supply Depot  
  67  5:20  Terran Infantry Weapons Level 1, Marine x2, Terran Infantry Armor Level 1  
  70  5:21  Barracks Reactor  
  72  5:29  Barracks Reactor  
  72  5:36  Siege Tank  
  72  5:42  Orbital Command  
  80  5:46  Medivac  
  82  5:55  Medivac  
  93  6:14  Siege Tank  
  103  6:30  Medivac x2  
  112  6:37  Combat Shield  
  118  6:49  Siege Tank  
  136  7:21  Siege Tank  
  139  7:31  Medivac  
  106  7:47  Medivac  
Spawning Tool Build Advisor. Get it on Overwolf

Go to:

Details

  • Created by: oatmeeL
  • Published on: Mar 03, 2020
  • Modified on: Mar 03, 2020
  • Patch: 4.11.0
Show
View Real Time Build Order
Export as new Build Order

Comments (0)

There are no comments. Be the first!

Create an account to comment!